 Dungeon Crawl Stone Soup version 0.19.0-2-gae57169 (webtiles) character file.

1916 Juniper the Basher (level 8, -2/73 HPs)
             Began as a Minotaur Abyssal Knight on Nov 6, 2016.
             Was an Elder of Lugonu.
             Slain by an orc priest
             ... wielding a +0 flail
              (4 damage)
             ... on level 6 of the Dungeon on Nov 7, 2016.
             The game lasted 00:28:15 (7627 turns).

Juniper the Basher (Minotaur Abyssal Knight)        Turns: 7627, Time: 00:28:15

Health: -2/73      AC: 15    Str: 19    XL:     8   Next: 95%
Magic:  8/8        EV:  8    Int:  9    God:    Lugonu [****..]
Gold:   277        SH:  0    Dex: 10    Spells: 0 memorised, 7 levels left

rFire  . . .     SeeInvis .     a - +1 mace
rCold  . . .     Gourm    .     J - +0 chain mail
rNeg   . . .     Faith    .     (no shield)
rPois  +         Spirit   .     (helmet restricted)
rElec  .         Reflect  .     (no cloak)
rCorr  .         Harm     .     (no gloves)
MR     .....                    m - +0 pair of boots
Stlth  ..........               (no amulet)
                                i - +3 ring of protection
                                q - ring of poison resistance

@: no status effects
A: retaliatory headbutt, horns 2
a: Depart the Abyss, Bend Space, Banish, Corrupt, Renounce Religion


You were on level 6 of the Dungeon.
You worshipped Lugonu.
Lugonu was greatly pleased with you.
You were not hungry.

You visited 2 branches of the dungeon, and saw 7 of its levels.
You visited the Abyss 1 time.
You also visited: Ossuary.

You collected 277 gold pieces.

Inventory:

Hand Weapons
 a - a +1 mace (weapon)
Armour
 m - a +0 pair of boots (worn)
 J - a +0 chain mail (worn)
 L - a +1 robe of magic resistance
Jewellery
 f - an uncursed ring of see invisible
 i - a +3 ring of protection (right hand)
 q - a ring of poison resistance (left hand)
 D - a +2 ring of strength {unknown}
 I - a +1 ring of evasion
Wands
 y - a wand of acid (6/15)
Scrolls
 b - a scroll of enchant armour {unknown}
 j - 2 scrolls of blinking {unknown}
 k - 2 scrolls of teleportation
 l - 2 scrolls of amnesia {unknown}
 p - 3 scrolls of random uselessness {unknown}
 t - 6 scrolls of identify {unknown}
 z - 2 scrolls of fear {unknown}
 A - 5 scrolls of remove curse
 B - a scroll of recharging {unknown}
Potions
 c - 8 potions of curing {unknown}
 d - 4 potions of flight {unknown}
 e - a potion of agility {unknown}
 g - 3 potions of berserk rage {unknown}
 n - 4 potions of might {unknown}
 r - a potion of heal wounds {unknown}
 u - a potion of ambrosia {unknown}
 v - 3 potions of brilliance {unknown}
 w - 2 potions of magic {unknown}
 x - a potion of lignification {unknown}
 C - 3 potions of haste {unknown}
 G - 2 potions of invisibility {unknown}
Books
 F - a book of Maledictions

   Spells                             Type                      Level
   a - Corona                         Hexes                        1
   b - Ensorcelled Hibernation        Hexes/Ice                    2
   c - Confuse                        Hexes                        3
   d - Tukima's Dance                 Hexes                        3
   e - Dazzling Spray                 Conjuration/Hexes            3
 M - a book of Misfortune

   Spells                             Type                      Level
   a - Confusing Touch                Hexes                        1
   b - Confuse                        Hexes                        3
   c - Gell's Gravitas                Hexes/Translocation          3
   d - Petrify                        Transmutation/Earth          4
   e - Metabolic Englaciation         Hexes/Ice                    5
   f - Yara's Violent Unravelling     Hexes/Transmutation          5
Comestibles
 h - 3 meat rations
 s - 4 fruits
 E - a royal jelly
 H - a chunk of flesh
 K - a beef jerky


   Skills:
 + Level 7.0 Fighting
 + Level 9.6 Maces & Flails
 + Level 0.4 Throwing
 + Level 7.8 Armour
 + Level 2.9 Dodging
 + Level 1.0 Stealth
 + Level 1.8 Invocations


You had 7 spell levels left.
You didn't know any spells.

Dungeon Overview and Level Annotations

Branches:
Dungeon (6/15)             Temple (1/1) D:5

Altars:
Ashenzari
Cheibriados
Elyvilon
Fedhas
Gozag
Hepliaklqana
Kikubaaqudgha
Makhleb
Nemelex Xobeh
Ru
Sif Muna
Trog
Uskayaw
Vehumet
Xom
Yredelemnul
Zin
The Shining One


Innate Abilities, Weirdness & Mutations

You reflexively headbutt those who attack you in melee.
You have a pair of horns on your head.


Message History

You kill the orc!
Lugonu accepts your kill.
The orc priest looks satisfied for a moment.
The orc priest mumbles some strange prayers to Beogh against you.
Beogh smites you!
* * * LOW HITPOINT WARNING * * *
Throwing (i - inventory):
o - a javelin of returning (quivered)
Press: ? - help, Shift-Dir - straight line, f - orc priest
Aim: an orc priest, wielding a flail and wearing a ring mail You throw a javelin of returning.
The javelin of returning hits the orc priest!
The orc priest is severely wounded.
The javelin of returning fails to return to your pack!
You hit the orc priest.
The orc priest is severely wounded.
The orc priest hits you but does no damage.
You hit the orc priest but do no damage.
The orc priest is severely wounded.
The orc priest hits you with a flail.
You die...

.# #..#..##..............
'###.....#...............
_'......##...............
####.#.................##
## #..................##
####....#.........##...#
.....#..##.......## #...#
..#.#..###.....#..# ##..
###. ..# #....##@.# #.
#.. # ## . # .....
##o######..... .# ....
##(..)....... ... .(.
#........... ... .#.
#.######.... ... #.# ...
## #.# . ###


You could see an orc priest.

Vanquished Creatures
  A hungry ghost (D:6)
  3 orc warriors
  2 ogres (D:4)
  2 centaurs (D:6)
  4 bullfrogs
  2 water moccasin zombies (Ossuary)
  3 wights (D:6)
  A howler monkey (D:4)
  A hound (D:5)
  A crimson imp (D:5)
  A bullfrog skeleton (D:4)
  4 orc wizards
  An iguana (D:5)
  4 worker ants
  A big kobold zombie (Ossuary)
  2 mummies (Ossuary)
  A howler monkey skeleton (D:4)
  9 adders
  2 oozes (D:5)
  3 adder zombies (Ossuary)
  An adder skeleton (D:4)
  7 worms
  2 dart slugs
  5 leopard geckos
  10 orcs
  10 bats
  5 giant cockroaches
  12 goblins
  8 hobgoblins
  4 jackals
  9 kobolds
  6 quokkas
  2 ball pythons (D:1)
  4 frilled lizards
  A gnoll zombie (Ossuary)
  5 hobgoblin zombies (Ossuary)
  6 kobold zombies (Ossuary)
  6 orc zombies (Ossuary)
  11 rats
162 creatures vanquished.

Notes
Turn   | Place    | Note
-------+----------+-------------------------------------------
     0 | Abyss:1  | Juniper the Minotaur Abyssal Knight began the quest for the Orb.
     0 | Abyss:1  | Reached XP level 1. HP: 19/19 MP: 1/1
    15 | D:1      | Escaped the Abyss
   143 | D:1      | Reached XP level 2. HP: 21/27 MP: 2/2
   736 | D:1      | Reached ** piety under Lugonu
   799 | D:1      | Reached XP level 3. HP: 34/34 MP: 3/3
  1474 | D:2      | Reached skill level 3 in Maces & Flails
  1492 | D:2      | Reached XP level 4. HP: 7/41 MP: 4/4
  1667 | D:2      | Reached skill level 5 in Fighting
  2314 | D:2      | Found a faded altar of an unknown god.
  2314 | D:2      | Found a faded altar of an unknown god.
  2320 | D:2      | Found a faded altar of an unknown god.
  2324 | D:2      | Found a basalt altar of Yredelemnul.
  2325 | D:2      | Found a faded altar of an unknown god.
  2563 | D:3      | Reached *** piety under Lugonu
  2953 | D:3      | Reached XP level 5. HP: 44/48 MP: 5/5
  2955 | D:3      | Reached skill level 4 in Maces & Flails
  3337 | D:4      | Noticed an ogre
  3346 | D:4      | Killed an ogre
  3346 | D:4      | Reached skill level 5 in Maces & Flails
  3346 | D:4      | Reached XP level 6. HP: 36/56 MP: 6/6
  4515 | D:4      | Reached skill level 6 in Maces & Flails
  4558 | D:5      | Entered Level 5 of the Dungeon
  4568 | D:5      | Reached **** piety under Lugonu
  4568 | D:5      | Reached XP level 7. HP: 56/62 MP: 7/7
  4599 | D:5      | Found a sand-covered staircase.
  4608 | Ossuary  | Entered an ossuary
  4659 | Ossuary  | Reached skill level 5 in Armour
  4667 | Ossuary  | Reached skill level 1 in Stealth
  5245 | D:5      | Reached skill level 7 in Maces & Flails
  5304 | D:5      | Found a staircase to the Ecumenical Temple.
  5920 | Temple   | Entered the Ecumenical Temple
  6445 | D:6      | Reached skill level 8 in Maces & Flails
  6445 | D:6      | Reached XP level 8. HP: 25/70 MP: 8/8
  6686 | D:6      | Found an ancient bone altar of Kikubaaqudgha.
  6823 | D:5      | Reached skill level 9 in Maces & Flails
  7500 | D:6      | Found a deep blue altar of Sif Muna.
  7623 | D:6      | HP: 1/73 [orc priest/divine providence (11)]
  7627 | D:6      | Slain by an orc priest

Skill      XL: |  1  2  3  4  5  6  7  8 |
---------------+-------------------------+-----
Fighting       | 4 5 6 7 |  7.0
Armour         | 3 4 5 7 |  7.8
Maces & Flails | 3 5 6 8 9 |  9.6
Dodging        | 2 |  2.9
Stealth        | 1 |  1.0
Throwing       | |  0.4
Invocations    | |  1.8

Action                   |  1- 3 |  4- 6 |  7- 9 || total
-------------------------+-------+-------+-------++-------
Melee: Mace              |    83 |   177 |   253 ||   513
       Headbutt          |    10 |    21 |    50 ||    81
Throw: Javelin           |       |     8 |     3 ||    11
Invok: Bend Space        |       |     1 |       ||     1
  Use: Scroll            |     1 |     4 |       ||     5
 Stab: Sleeping          |       |     1 |       ||     1
  Eat: Bread ration      |     1 |       |     2 ||     3
       Chunk             |       |     6 |     6 ||    12
       Beef jerky        |       |     1 |       ||     1
       Royal jelly       |       |       |     1 ||     1
Armor: Leather armour    |    31 |    25 |       ||    56
       Chain mail        |       |    54 |   141 ||   195
       Ring mail         |       |    10 |       ||    10
Dodge: Dodged            |    50 |    76 |    90 ||   216
